 Dungeon Sprint DCSS version 0.30-a0-1116-gebefce21f7 (webtiles) character file.

Game seed: 11967718899727413671

359 123456 the Fighter (level 6, 0/66 HPs)
             Began as a Minotaur Fighter on Apr 21, 2023.
             Was an Initiate of Gozag.
             Engulfed by a steam dragon's steam (6 damage)
             ... in the Dungeon (Sprint IX: "|||||||||||||||||||||||||||||").
             The game lasted 00:00:41 (310 turns).

123456 the Fighter (Minotaur Fighter)                Turns: 310, Time: 00:00:42

Health: 0/66       AC: 15    Str: 23    XL:     6   Next: 37%
Magic:  5/5        EV: 12    Int:  5    God:    Gozag
Gold:   0          SH:  0    Dex:  9    Spells: 5/5 levels left

rFire   . . .      SeeInvis .    n - +2 dire flail (protect)
rCold   . . .      Faith    .    (shield currently unavailable)
rNeg    . . .      Spirit   .    o - +1 chain mail
rPois   .          Reflect  .    (helmet restricted)
rElec   .          Rampage  .    a - +0 cloak
rCorr   .          NoTele   +    c - +0 pair of gloves
Will    .....                    (no boots) Stlth
                                 (no amulet)
HPRegen 0.31/turn                q - +2 ring of evasion
MPRegen 0.09/turn                p - +2 ring of protection

@: corroded, gold aura, under a protective aura
A: horns 2, retaliatory headbutt
a: Renounce Religion, Potion Petition, Call Merchant, Bribe Branch


You were in the Dungeon.
You worshipped Gozag.
Gozag was noncommittal.
You visited 1 branch

Inventory:

Hand Weapons
 n - a +2 dire flail of protection (weapon)
Armour
 a - a +0 cloak (worn)
 c - a +0 pair of gloves (worn)
 o - a +1 chain mail (worn)
Jewellery
 p - a +2 ring of protection (right hand)
 q - a +2 ring of evasion (left hand)
Wands
 m - a wand of iceblast (10)
Scrolls
 j - 2 scrolls of blinking
 l - 2 scrolls of amnesia
Potions
 d - a potion of might
 e - 5 potions of curing
 f - 2 potions of heal wounds
 g - a potion of haste
 h - 4 potions of magic
 i - a potion of berserk rage
 k - a potion of invisibility


   Skills:
 * Level 10.2 Fighting
 * Level 9.8 Maces & Flails
 + Level 7.6 Armour
 + Level 5.8 Dodging
 - Level 3.6 Shields


You had 5 spell levels left.
You didn't know any spells.
Your spell library was empty.

Dungeon Overview and Level Annotations

Branches:
Dungeon (1/1)

Altars:
Cheibriados
Dithmenos
Elyvilon
Fedhas
Gozag
Hepliaklqana
Kikubaaqudgha
Makhleb
Nemelex Xobeh
Okawaru
Qazlal
Ru
Sif Muna
Trog
Uskayaw
Vehumet
Wu Jian
Xom
Yredelemnul
Zin
The Shining One
Jiyva
Lugonu


Innate Abilities, Weirdness & Mutations

You have a pair of horns on your head.
You reflexively headbutt those who attack you in melee.


Message History

The acid corrodes you!
You hit the acid dragon but do no damage.
You headbutt the acid dragon, but do no damage.
The acid dragon is almost dead.
The acid dragon barely misses you. The acid dragon claws you.
* * * LOW HITPOINT WARNING * * *
You hit the acid dragon but do no damage.
You headbutt the acid dragon, but do no damage.
The acid dragon is almost dead.
Unknown command.
You feel much better. The acid dragon barely misses you.
The acid dragon claws you but does no damage.
You puncture the acid dragon!
You kill the acid dragon!
Your Fighting skill increases to level 10!
Your Maces & Flails skill increases to level 9!
You have reached level 6!
Unknown command.
You barely miss something. Your headbutt misses something. Something hits you!
Something bites you.
Something draws strength from your injuries!
You closely miss something.
The centaur is distracted by your dazzling golden aura.
Something hits you but does no damage. Something bites you.
Something draws strength from your injuries!
You barely miss something. You headbutt something.
Something hits you but does no damage. Something bites you but does no damage.
The steam dragon breathes steam at you.
The ball of steam hits something!
The ball of steam hits you!
* * * LOW HITPOINT WARNING * * *
You hit something.
You are engulfed in a cloud of scalding steam.
* * * LOW HITPOINT WARNING * * *
Something hits you but does no damage. Something bites you.
* * * LOW HITPOINT WARNING * * *
Something draws strength from your injuries!
You closely miss something. Your headbutt misses something.
You are engulfed in a cloud of scalding steam.
You die...
Your body crumbles into a pile of gold.

$
▓.▓
$
▓[▓
$
▓.▓
▓.▓
$
▓.▓
▓.▓
$
▓§▓
▓§▓
$ $
▓@▓
▓{▓
$
▓D▓
$
▓l▓
$ $
▓.▓
$
▓c▓
$
▓.▓
▓+▓


You could see a steam dragon.

Vanquished Creatures
  A vampire mosquito (D)
  An acid dragon (D)
  A gnoll sergeant (D)
  A hound (D)
  A sleepcap (D)
  A white imp (D)
  An orc (D)
  A ball python (D)
  A goblin (D)
  A kobold (D)
  A quokka (D)
  A rat (D)
12 creatures vanquished.

Notes
Turn   | Place    | Note
-------+----------+-------------------------------------------
     0 | D        | 123456 the Minotaur Fighter began the quest for the Orb.
     0 | D        | Reached XP level 1. HP: 19/19 MP: 0/0
     7 | D        | Reached skill level 4 in Fighting
    14 | D        | Reached skill level 1 in Dodging
    38 | D        | Noticed a sleepcap
    38 | D        | Noticed a gnoll sergeant
    38 | D        | Noticed a hound
    40 | D        | Reached XP level 2. HP: 28/28 MP: 1/1
    44 | D        | Reached skill level 5 in Fighting
    44 | D        | Reached skill level 5 in Maces & Flails
    44 | D        | Reached XP level 3. HP: 24/37 MP: 2/2
    53 | D        | Killed a gnoll sergeant
    54 | D        | Reached skill level 7 in Fighting
    54 | D        | Reached skill level 5 in Armour
    54 | D        | Reached XP level 4. HP: 8/47 MP: 3/3
   204 | D        | Found a snail-covered altar of Cheibriados.
   204 | D        | Found a shadowy altar of Dithmenos.
   204 | D        | Found a white marble altar of Elyvilon.
   204 | D        | Found a blossoming altar of Fedhas.
   204 | D        | Found an opulent altar of Gozag.
   205 | D        | Found a hazy altar of Hepliaklqana.
   206 | D        | Found a viscous altar of Jiyva.
   207 | D        | Found an ancient bone altar of Kikubaaqudgha.
   208 | D        | Found a corrupted altar of Lugonu.
   209 | D        | Found a burning altar of Makhleb.
   210 | D        | Found a sparkling altar of Nemelex Xobeh.
   211 | D        | Found an iron altar of Okawaru.
   212 | D        | Found a stormy altar of Qazlal.
   216 | D        | Became a worshipper of Gozag Ym Sagoz the Greedy
   220 | D        | Found a sacrificial altar of Ru.
   221 | D        | Found a shimmering blue altar of Sif Muna.
   222 | D        | Found a bloodstained altar of Trog.
   223 | D        | Found a hide-covered altar of Uskayaw.
   224 | D        | Found a radiant altar of Vehumet.
   225 | D        | Found an ornate altar of the Wu Jian Council.
   226 | D        | Found a shimmering altar of Xom.
   227 | D        | Found a basalt altar of Yredelemnul.
   228 | D        | Found a glowing silver altar of Zin.
   229 | D        | Found a glowing golden altar of the Shining One.
   288 | D        | Noticed a vampire mosquito
   288 | D        | Noticed an acid dragon
   288 | D        | Noticed a vampire
   288 | D        | Noticed a steam dragon
   288 | D        | Noticed a wyvern
   288 | D        | Noticed a centaur
   297 | D        | Killed a vampire mosquito
   298 | D        | Reached skill level 9 in Fighting
   298 | D        | Reached skill level 5 in Dodging
   298 | D        | Reached XP level 5. HP: 31/57 MP: 4/4
   305 | D        | Killed an acid dragon
   306 | D        | Reached skill level 10 in Fighting
   306 | D        | Reached XP level 6. HP: 35/66 MP: 5/5
   310 | D        | Engulfed by a steam dragon's steam

Illustrated notes

Levels and vault maps discovered:
D:        linesprint [early_d, line_temple, items_1, d_10, items_2, lair_1,
          lair_end, items_3, orc_1, orc_end, items_4, d_15, swamp_1, shoals_1,
          snake_1, spider_1, d_20, vaults_1, items_5, swamp_end, shoals_end,
          snake_end, spider_end, vaults_end, d_27, items_6, zot_1, zot_end,
          crypt_end, forest_end, elf_end, slime_end, tomb_end, abyss_end,
          pan_hell_end]

Skill      XL: |  1  2  3  4  5 |
---------------+----------------+-----
Fighting       | 4 5 7 9 10 | 10.2
Maces & Flails | 4 5 6 8 9 |  9.8
Dodging        | 1 2 3 5 |  5.8
Armour         | 4 5 7 |  7.6
Shields        | |  3.6

Action                     |  1- 3 |  4- 6 || total
---------------------------+-------+-------++-------
  Melee: Flail             |    30 |     6 ||    36
         Headbutt          |     7 |     7 ||    14
         Dire flail        |       |    20 ||    20
    Use: Potion            |       |     1 ||     1
 Armour: Scale mail        |     3 |     1 ||     4
         Chain mail        |       |    16 ||    16
  Dodge: Dodged            |    13 |    10 ||    23
  Block: Buckler           |     8 |     2 ||    10

Table legend: (Time is in decaauts)
 A = Elapsed time spent in this place.
 B = Non-inter-level travel time spent in this place.
 C = Inter-level travel time spent in this place.
 D = Time resting spent in this place.
 E = Time spent auto-exploring this place.
 F = Levels seen in this place.
 G = Mean time per level.
                   A        B        C        D        E       F      G
               +--------+--------+--------+--------+--------+-----+--------+
         Total |    313 |    313 |      0 |    140 |     23 |   1 |  313.0 |
       Dungeon |    313 |    313 |      0 |    140 |     23 |   1 |  313.0 |
               +--------+--------+--------+--------+--------+-----+--------+

Top non-repeatable levels by time:
       D: 313 daAuts
